 Dungeon Crawl Stone Soup version 0.20.1-1-g8b1a95d (webtiles) character file.

20 Cral the Magician (level 2, -4/25 HPs)
             Began as a Draconian Wizard on Sept 7, 2017.
             Slain by a worm (7 damage)
             ... on level 2 of the Dungeon.
             The game lasted 00:01:00 (727 turns).

Cral the Magician (Draconian Wizard)                 Turns: 727, Time: 00:01:00

Health: -4/25      AC:  4    Str:  9    XL:     2   Next: 58%
Magic:  0/6        EV: 12    Int: 18    God:
Gold:   49         SH:  0    Dex:  9    Spells: 4/7 levels left

rFire    . . .     SeeInvis +   (no weapon)
rCold    . . .     Gourm    .   (no shield)
rNeg     . . .     Faith    .   (armour unavailable)
rPois    .         Spirit   .   a - +0 hat
rElec    .         Reflect  .   (no cloak)
rCorr    .         Harm     .   (no gloves)
MR       .....                  (no boots)
Stlth    ++........             (no amulet)
Regen    0.1/turn               m - ring of see invisible
MPRegen  0.1/turn               (no ring)

@: lethally poisoned (-4 -> -7), very slightly contaminated
A: unfitting armour, cold-blooded, AC +4
a: no special abilities


You were on level 2 of the Dungeon.
You were not hungry.

You visited 1 branch of the dungeon, and saw 2 of its levels.

You collected 49 gold pieces.

Inventory:

Armour
 a - a +0 hat (worn)
Jewellery
 m - a ring of see invisible (left hand)
Scrolls
 e - a scroll of teleportation
 j - a scroll of enchant weapon {unknown}
Potions
 k - a potion of invisibility {unknown}
 l - 2 potions of mutation {unknown}
 n - a potion of agility {unknown}
Books
 b - a book of Minor Magic

   Spells                             Type                      Level
   a - Magic Dart                     Conjuration                  1
   b - Blink                          Translocation                2
   c - Call Imp                       Summoning                    2
   d - Slow                           Hexes                        2
   e - Conjure Flame                  Conjuration/Fire             3
   f - Mephitic Cloud                 Conjuration/Poison/Air       3
Comestibles
 c - 3 bread rations
 f - 2 meat rations
 g - 2 royal jellies


   Skills:
 + Level 2.5 Fighting
 - Level 1.7 Dodging
 - Level 1.7 Stealth
 - Level 3.0 Spellcasting
 - Level 1.0 Conjurations
   Level 1.0 Summonings
 - Level 1.0 Translocations


You had 4 spell levels left.
You knew the following spells:

 Your Spells              Type           Power        Failure   Level  Hunger
a - Magic Dart            Conj           #...         11%         1    None
b - Blink                 Tloc           N/A          16%         2    ##.....


Dungeon Overview and Level Annotations

Branches:
Dungeon (2/15)

Altars:


Innate Abilities, Weirdness & Mutations

Your plain brown scales are hard. (AC +4)
You cannot fit into any form of body armour.
You are cold-blooded and may be slowed by cold attacks.


Message History

Confirm with . or Enter, or press ? or * to list all spells.
You don't have enough magic to cast that spell.
Casting: Magic Dart
Confirm with . or Enter, or press ? or * to list all spells.
You don't have enough magic to cast that spell.
Casting: Magic Dart
Confirm with . or Enter, or press ? or * to list all spells.
You don't have enough magic to cast that spell.
You hit the adder but do no damage.
You feel sick. The adder completely misses you.
You closely miss the adder. The adder completely misses you.
The worm closely misses you.
You barely miss the adder.
You feel sick. The adder misses you. The worm bites you but does no damage.
Unknown command.
You hit the adder but do no damage. The adder barely misses you. x2
You barely miss the adder. The adder bites you.
* * * LOW HITPOINT WARNING * * *
The worm bites you!
You die...

#..# ##..#
.#..# ...#
# #..# #..
..# #....
##S#....#
#.@w.#
.......#.##
..##### .#
.# .. #. .#
.#


You could see a worm and an adder.

Vanquished Creatures
  A leopard gecko (D:1)
  3 bats (D:1)
  A giant cockroach (D:1)
  2 hobgoblins (D:1)
  4 goblins (D:1)
  3 kobolds (D:1)
  3 rats (D:1)
17 creatures vanquished.

Notes
Turn   | Place    | Note
-------+----------+-------------------------------------------
     0 | D:1      | Cral the Draconian Wizard began the quest for the Orb.
     0 | D:1      | Reached XP level 1. HP: 14/14 MP: 4/4
    75 | D:1      | Reached skill level 1 in Fighting
   153 | D:1      | Reached XP level 2. HP: 13/24 MP: 6/6
   161 | D:1      | Learned a level 2 spell: Blink
   727 | D:2      | Slain by a worm

Skill      XL: |  1  2 |
---------------+-------+-----
Fighting       | 1 2 |  2.5
Dodging        | |  1.7
Stealth        | |  1.7
Spellcasting   | |  3.0
Conjurations   | |  1.0
Summonings     | |  1.0
Translocations | |  1.0

Action                   || total
-------------------------++-------
Melee: Unarmed           ||    27
       Tailslap          ||     6
       Hand axe          ||    20
 Cast: Magic Dart        ||    35
  Use: Scroll            ||     3
Armor: Skin              ||    23
Dodge: Dodged            ||    54
